 Dungeon Crawl Stone Soup version 0.32-a0-814-g0968bab981 (webtiles) character file.

Game seed: 1974823890172520386

3 fernweh the Grappler (level 1, -1/13 HPs)
             Began as a Gnoll Wanderer on Mar 17, 2024.
             Slain by a ball python (2 damage)
             ... on level 1 of the Dungeon on Mar 23, 2024.
             The game lasted 00:01:23 (133 turns).

fernweh the Grappler (Gnoll Wanderer)                Turns: 133, Time: 00:01:24

Health: -1/13      AC:  3    Str: 13    XL:     1   Next: 50%
Magic:  6/6        EV:  0    Int: 12    God:
Gold:   20         SH:  0    Dex:  8    Spells: 9/9 levels left

rFire   . . .        a - +0 dagger
rCold   . . .        (no shield)
rNeg    . . .        e - +0 leather armour
rPois   .            (no helmet)
rElec   .            (no cloak)
rCorr   .            (no gloves)
SInv    .            (no boots)
Will    .....        (no amulet)
Stlth   +            (no ring)
HPRegen 0.22/turn    (no ring)
MPRegen 0.10/turn

%: no passive effects
@: constricted
A: fangs 1, strong nose, distributed training
a: no special abilities


You were on level 1 of the Dungeon.
You visited 1 branch of the dungeon, and saw 1 of its levels.

You collected 20 gold pieces.

Inventory:

Hand Weapons
 a - a +0 dagger (weapon)
Missiles
 c - 11 poisoned darts (quivered)
Armour
 e - a +0 leather armour (worn)
Scrolls
 b - a scroll of fear
 d - 2 scrolls of blinking
 g - a scroll of identify {unknown}
Potions
 f - a potion of heal wounds {unknown}


   Skills:
 + Level 0.0 Fighting
 + Level 0.0 Short Blades
 + Level 0.0 Long Blades
 + Level 0.0 Axes
 + Level 0.0 Maces & Flails
 + Level 0.0 Polearms
 + Level 0.0 Staves
 + Level 0.0 Ranged Weapons
 + Level 2.3 Throwing
 + Level 2.3 Armour
 + Level 0.0 Dodging
 + Level 2.1 Stealth
 + Level 0.0 Shields
 + Level 8.4 Unarmed Combat
 + Level 4.8 Spellcasting
 + Level 0.0 Conjurations
 + Level 0.0 Hexes
 + Level 0.0 Summonings
 + Level 0.0 Necromancy
 + Level 1.9 Translocations
 + Level 0.0 Fire Magic
 + Level 0.0 Ice Magic
 + Level 0.0 Air Magic
 + Level 0.0 Earth Magic
 + Level 0.0 Alchemy
 + Level 0.1 Invocations
 + Level 0.0 Evocations
 + Level 0.0 Shapeshifting


You had 9 spell levels left.
You didn't know any spells.
Your spell library contained the following spells:

 Spells                   Type           Power      Damage    Failure   Level
 Lesser Beckoning         Tloc           14%        N/A       17%         2
 Momentum Strike          Conj/Tloc      10%        3d8       26%         2
 Call Canine Familiar     Summ           3%         N/A       58%         3
 Sigil of Binding         Hex            3%         N/A       58%         3
 Dimensional Bullseye     Hex/Tloc       2%         N/A       86%         4


Dungeon Overview and Level Annotations

Branches:
Dungeon (1/15)

Altars:


Innate Abilities, Weirdness & Mutations

You have very sharp teeth.
Your uncanny sense of smell can sniff out nearby items.
Your experience applies equally to all skills.


Message History

* * * LOW HITPOINT WARNING * * *
You barely miss the goblin.
The goblin is moderately wounded.
A ball python comes into view.
The goblin hits you but does no damage.
You barely miss the goblin.
The ball python hisses angrily.
Your bite misses the goblin.
The goblin is moderately wounded.
The goblin barely misses you.
You hit the goblin. You bite the goblin, but do no damage.
The goblin is severely wounded.
The goblin hits you but does no damage.
You closely miss the goblin.
The goblin is severely wounded.
The goblin misses you.
You hit the goblin.
You kill the goblin!
You see here a +0 dagger.
You hit the ball python.
The ball python is heavily wounded.
The ball python bites you.
* * * LOW HITPOINT WARNING * * *
The ball python barely misses you.
The ball python bites you but does no damage.
The ball python barely misses you.
You closely miss the ball python.
The ball python is heavily wounded.
The ball python bites you but does no damage.
The ball python completely misses you.
You hit the ball python but do no damage.
Your bite misses the ball python.
The ball python is heavily wounded.
The ball python bites you.
* * * LOW HITPOINT WARNING * * *
The ball python grabs you. The ball python constricts you.
You hit the ball python but do no damage.
The ball python is heavily wounded.
The ball python bites you.
You die...

.# .# ###
.##### #..
.....# #.#
####.# #.#
#.# #.# #.#
#.# ####.##
#S#####.#
......#
#.@.....#
#####.#
#.##.##.# #
#.#########.#
# #
#.........$.#
#
#.##.########
# #.##.# .
..##.# .
..###.# .##..
#>#


You could see a ball python.

Vanquished Creatures
  An endoplasm (D:1)
  A goblin (D:1)
  A rat (D:1)
3 creatures vanquished.

Notes
Turn   | Place    | Note
-------+----------+-------------------------------------------
     0 | D:1      | fernweh the Gnoll Wanderer began the quest for the Orb.
     0 | D:1      | fernweh set off with the following items: a +0 dagger, a
                  | scroll of fear, 11 poisoned darts, 2 scrolls of blinking, a
                  | +0 leather armour; and the following spells available to
                  | memorise: Lesser Beckoning, Momentum Strike.
     0 | D:1      | Reached XP level 1. HP: 13/13 MP: 6/6
     0 | D:1      | Upgraded the game from 0.32-a0-732-ga344392067 to
                  | 0.32-a0-814-g0968bab981
   133 | D:1      | Slain by a ball python

Illustrated notes

Levels and vault maps discovered:
D:1:      lemuel_arrival_muddy, layout_loops_ring

Action                     || total
---------------------------++-------
  Melee: Dagger            ||    18
         Bite              ||     3
 Armour: Leather armour    ||    16
  Dodge: Dodged            ||     6

Table legend: (Time is in decaauts)
 A = Elapsed time spent in this place.
 B = Non-inter-level travel time spent in this place.
 C = Inter-level travel time spent in this place.
 D = Time resting spent in this place.
 E = Time spent auto-exploring this place.
 F = Levels seen in this place.
 G = Mean time per level.
                   A        B        C        D        E       F      G
               +--------+--------+--------+--------+--------+-----+--------+
         Total |    133 |    118 |     15 |      0 |     86 |   1 |  133.0 |
       Dungeon |    133 |    118 |     15 |      0 |     86 |   1 |  133.0 |
               +--------+--------+--------+--------+--------+-----+--------+

Top non-repeatable levels by time:
     D:1: 133 daAuts
